 Dungeon Crawl Stone Soup version 0.21.1-1-g345015f (webtiles) character file.

91 inc the Digger (level 4, 0/27 HPs)
             Began as an Octopode Earth Elementalist on June 10, 2018.
             Slain by a quasit (1 damage)
             ... on level 2 of the Dungeon.
             The game lasted 00:03:13 (2361 turns).

inc the Digger (Octopode Earth Elementalist)        Turns: 2361, Time: 00:03:13

Health: 0/27       AC:  1    Str:  7      XL:     4   Next: 59%
Magic:  0/7        EV: 13    Int: 18      God:
Gold:   48         SH:  0    Dex:  9 (12) Spells: 3/7 levels left

rFire    . . .     SeeInvis .   (no weapon)
rCold    . . .     Gourm    .   (no shield)
rNeg     . . .     Faith    .   (helmet restricted)
rPois    .         Spirit   .   (no amulet)
rElec    .         Reflect  .   (no ring)
rCorr    .         Harm     .   (no ring)
MR       .....                  (no ring)
Stlth    +++.......             (no ring)
HPRegen  0.09/turn              (no ring)
MPRegen  0.10/turn              (no ring)
                                (no ring)
                                (no ring)

@: very slightly contaminated
A: almost no armour, stealthy swim, amphibious, 8 rings, constrict 8, camouflage
1, gelatinous body 1
a: no special abilities


You were on level 2 of the Dungeon.
You were hungry.

You visited 1 branch of the dungeon, and saw 2 of its levels.

You collected 48 gold pieces.

Inventory:

Missiles
 b - 59 stones (quivered)
Jewellery
 h - an uncursed amulet of inaccuracy
Scrolls
 i - a scroll of amnesia {unknown}
Potions
 a - 2 potions of haste
 e - a potion of resistance
 g - a potion of brilliance
Books
 d - a book of Geomancy

   Spells                             Type                      Level
   a - Sandblast                      Earth                        1
   b - Passwall                       Transmutation/Earth          2
   c - Stone Arrow                    Conjuration/Earth            3
   d - Petrify                        Transmutation/Earth          4
   e - Lee's Rapid Deconstruction     Earth                        5
Comestibles
 c - 2 rations


   Skills:
 - Level 2.0 Dodging
 - Level 2.6 Stealth
 - Level 2.0 Spellcasting
 + Level 2.9 Conjurations
   Level 1.0 Transmutations
 - Level 4.1 Earth Magic


You had 3 spell levels left.
You knew the following spells:

 Your Spells              Type           Power        Failure   Level  Hunger
a - Sandblast             Erth           ###...       3%          1    #......
b - Stone Arrow           Conj/Erth      ##....       13%         3    ###....


Dungeon Overview and Level Annotations

Branches:
Dungeon (2/15)

Altars:
Fedhas


Innate Abilities, Weirdness & Mutations

You cannot wear most types of armour.
You are very stealthy in the water. (Stealth+)
You are amphibious.
You can wear up to eight rings at the same time.
You can use your tentacles to constrict eight enemies at once.
Your skin changes colour to match your surroundings (Stealth+).
Your rubbery body absorbs attacks. (AC +1, EV +1)


Message History

Okay, then.
You see here a club.
You closely miss the quasit. Your grab misses the quasit.
The quasit is severely wounded.
The quasit barely misses you. The quasit misses you.
The quasit closely misses you.
You miss the quasit. You grab the quasit. Your squeeze misses the quasit.
The quasit is severely wounded.
You constrict the quasit, but do no damage.
The quasit bites you.
* * * LOW HITPOINT WARNING * * *
The quasit barely misses you. The quasit completely misses you.
The quasit barely misses you.
The quasit claws you but does no damage.
The quasit completely misses you.
You tentacle-slap the quasit but do no damage.
You squeeze the quasit, but do no damage.
The quasit is severely wounded.
You constrict the quasit. The quasit misses you. The quasit claws you.
You die...

.................................
................##.........######
....##.######.#.##.###.†.### ..
#.# #.#..........# #.#
#.#..#.####..## ####.#
#.#...........# .....
#.##.........#######
#..#####.####.######......#
#........<5@......##......#
#.#.####).###.............##
#.#..# #..# #.#######.......
###.##÷###..# #.# #..#####
#.......##..###.# #..#
#.......#.....#.# #..#
####.........P.P.#.# #..#
...()....÷.#.._..#.# #..#
.............P.P...#######..#####


You could see a quasit.

Vanquished Creatures
  A gnoll (D:1)
  4 adders (D:2)
  A worm (D:2)
  A dart slug (D:2)
  A leopard gecko (D:2)
  2 giant cockroaches (D:1)
  7 goblins
  9 hobgoblins
  6 kobolds
  A quokka (D:2)
  A bat (D:2)
  2 frilled lizards (D:1)
  3 rats (D:1)
39 creatures vanquished.

Notes
Turn   | Place    | Note
-------+----------+-------------------------------------------
     0 | D:1      | inc the Octopode Earth Elementalist began the quest for the Orb.
     0 | D:1      | Reached XP level 1. HP: 11/11 MP: 3/3
   262 | D:1      | Reached XP level 2. HP: 17/17 MP: 5/5
   528 | D:1      | Reached skill level 4 in Earth Magic
   544 | D:1      | Reached XP level 3. HP: 7/21 MP: 4/6
   549 | D:1      | Learned a level 3 spell: Stone Arrow
  1353 | D:2      | Reached skill level 1 in Conjurations
  1838 | D:2      | Found a blossoming altar of Fedhas.
  1920 | D:2      | Reached XP level 4. HP: 16/27 MP: 3/7
  2360 | D:2      | HP: 1/27 [quasit (3)]
  2361 | D:2      | Slain by a quasit

Skill      XL: |  1  2  3 |
---------------+----------+-----
Earth Magic    | 4 |  4.1
Conjurations   | 2 |  2.9
Dodging        | |  2.0
Stealth        | |  2.6
Spellcasting   | |  2.0
Transmutations | |  1.0

Action                   |  1- 3 |  4- 6 || total
-------------------------+-------+-------++-------
Melee: Unarmed           |    88 |    18 ||   106
       Constrict         |    21 |     4 ||    25
       Tentacles         |    16 |     6 ||    22
 Cast: Sandblast         |    10 |     9 ||    19
       Stone Arrow       |     6 |     1 ||     7
  Use: Scroll            |     3 |     2 ||     5
 Stab: Sleeping          |     6 |       ||     6
  Eat: Chunk             |     4 |     1 ||     5
Armor: Skin              |     2 |     6 ||     8
Dodge: Dodged            |    53 |    31 ||    84
